 Dungeon Crawl Stone Soup version 0.31-a0-1-g4198be8af4 (webtiles) character file.

Game seed: 11276729811242149746

7 ytrimaz the Slasher (level 2, -1/19 HPs)
             Began as an Octopode Gladiator on May 2, 2023.
             Slain by a goblin
             ... wielding a +0 dagger
              (4 damage)
             ... on level 1 of the Dungeon.
             The game lasted 00:00:17 (105 turns).

ytrimaz the Slasher (Octopode Gladiator)             Turns: 105, Time: 00:00:18

Health: -1/19      AC:  1    Str: 13    XL:     2   Next: 0%
Magic:  2/2        EV: 14    Int: 10    God:
Gold:   17         SH:  0    Dex: 13    Spells: 1/1 levels left

rFire   . . .        a - +0 long sword
rCold   . . .        (no shield)
rNeg    . . .        b - +0 hat
rPois   .            (no amulet)
rElec   .            (no ring)
rCorr   .            (no ring)
SInv    .            (no ring)
Will    .....        (no ring)
Stlth   ++           (no ring)
HPRegen 0.23/turn    (no ring)
MPRegen 0.08/turn    (no ring)
                     (no ring)

%: no passive effects
@: no status effects
A: almost no armour, amphibious, 8 rings, camouflage 1, gelatinous body 1,
(nimble swimmer 1), tentacles
a: no special abilities


You were on level 1 of the Dungeon.
You visited 1 branch of the dungeon, and saw 1 of its levels.

You collected 17 gold pieces.


Innate Abilities, Weirdness & Mutations

You cannot wear most types of armour.
You are amphibious.
You can wear up to eight rings at the same time.
Your skin changes colour to match your surroundings (Stealth+).
Your rubbery body absorbs attacks. (AC +1, EV +1)
((You are camouflaged when in or above water. (Stealth+)))
You have tentacles for arms and can constrict up to eight enemies at once.


   Skills:
 - Level 2.0 Fighting
 * Level 3.3 Long Blades
 - Level 2.0 Throwing
 + Level 3.1 Dodging


You had one spell level left.
You didn't know any spells.
Your spell library was empty.

Inventory:

Hand Weapons
 a - a +0 long sword (weapon)
Missiles
 c - 3 throwing nets (quivered)
 d - a javelin
Armour
 b - a +0 hat (worn)
Scrolls
 e - a scroll of identify {unknown}

Dungeon Overview and Level Annotations

Branches:
Dungeon (1/15) Zot: 5889

Altars:

###### #..........
....## #.......... #...#
.......... #..####
#.........
#######...).###.........
........###...#†........
###....................
#................$...
#..........)@g.......
#....................
###....................
.........^#######.######
#########..######.#
#.....)...# #...P.P...#
#..P#~#P..# #..##~##..#


You could see a goblin.


Message History

You take 2 damage, and now have 11/14 hp.
You closely miss the ball python. Your grab misses the ball python.
The ball python misses you. The ball python barely misses you.
The ball python bites you. The ball python grabs you.
The ball python constricts you.
* * * LOW HITPOINT WARNING * * *
You escape the ball python's grasp.
The ball python bites you.
* * * LOW HITPOINT WARNING * * *
The ball python grabs you. The ball python constricts you.
* * * LOW HITPOINT WARNING * * *
😨 HP[-7]
You take 7 damage, and now have 4/14 hp.
MASSIVE DAMAGE!! (PAUSE)
You closely miss the ball python. You grab the ball python.
You constrict the ball python.
You kill the ball python!
A kobold comes into view. It is wielding a +0 dagger.
The kobold shouts!
You see here a ball python corpse.
Unknown command.
A kobold is nearby!
Unknown command.
A kobold is nearby!
A goblin comes into view. It is wielding a +0 dagger.
You see here a ball python corpse. 😨 HP[+1] 😨 HP[+1]
The kobold closely misses you. 😨 HP[+1]
You barely miss the kobold. You grab the kobold. You constrict the kobold.
The kobold completely misses you.
You hit the kobold but do no damage. You constrict the kobold.
You kill the kobold!
Unknown command.
Things that are here:
a +0 dagger; a kobold corpse A kobold comes into view.
It is wielding a +0 short sword. 😮 HP[+2]
You regained 2 hp, and now have 9/14 hp.
Unknown command.
A kobold is nearby!
A kobold is nearby!
Unknown command.
The kobold shouts! 😮 HP[+1]
You are too injured to fight recklessly!
You are too injured to fight recklessly!
You are too injured to fight recklessly!
You hit the kobold. Your grab misses the kobold.
Your squeeze misses the kobold.
The kobold hits you with a +0 short sword.
* * * LOW HITPOINT WARNING * * *
A quokka comes into view.
The kobold misses you.
Unknown command. 😨 HP[-4]
You take 4 damage, and now have 6/14 hp.
MASSIVE DAMAGE!! (PAUSE)
You are too injured to fight recklessly!
You barely miss the kobold. You grab the kobold. You constrict the kobold.
You kill the kobold! 😨 HP[+1]
You are too injured to fight recklessly!
Unknown command.
You see here a +0 short sword.
You are too injured to fight recklessly!
You see here an emerald potion.
You closely miss the quokka.
The goblin shouts!
Your grab misses the quokka. The quokka misses you. The quokka bites you.
* * * LOW HITPOINT WARNING * * *
😨 HP[-3]
You take 3 damage, and now have 4/14 hp.
MASSIVE DAMAGE!! (PAUSE)
You barely miss the quokka. You grab the quokka.
You constrict the quokka, but do no damage.
The quokka bites you.
* * * LOW HITPOINT WARNING * * *
😱 HP[-2]
You take 2 damage, and now have 2/14 hp.
You hit the quokka. You constrict the quokka. The quokka closely misses you. x2
Unknown command.
You barely miss the quokka. You squeeze the quokka.
You kill the quokka!
You have reached level 2! 😱 HP[+1] MP[+1]
You now have 19 max hp (+5).
Your mp is fully restored (2).
Unknown command.
You see here a +0 short sword.
The goblin hits you with a +0 dagger.
* * * LOW HITPOINT WARNING * * *
You see here an emerald potion. 😱 HP[-1]
You take 1 damage, and now have 2/19 hp.
Unknown command.
You barely miss the goblin. Your grab misses the goblin.
The goblin hits you with a +0 dagger.
You die...

Action                     || total
---------------------------++-------
  Melee: Long sword        ||    18
         Constrict         ||     6
         Tentacles         ||     2
  Dodge: Dodged            ||    11

Levels and vault maps discovered:
D:1:      eino_arrival_water_cross, layout_basic

Notes
Turn   | Place    | Note
-------+----------+-------------------------------------------
     0 | D:1      | ytrimaz the Octopode Gladiator began the quest for the Orb.
     0 | D:1      | Reached XP level 1. HP: 14/14 MP: 1/1
     0 | D:1      | magus.rc [v1.9.6]
   100 | D:1      | HP: 2/14 [quokka (3)]
   103 | D:1      | Reached XP level 2. HP: 3/19 MP: 2/2
   105 | D:1      | Slain by a goblin

Vanquished Creatures
  A giant cockroach (D:1)
  A goblin (D:1)
  A quokka (D:1)
  A ball python (D:1)
  2 kobolds (D:1)
6 creatures vanquished.

Table legend:
 A = Non-vault XP
 B = Vault XP
 C = Vault XP percentage of total XP
 D = Non-vault monster count
 E = Vault monster count
 F = Vault count percentage of total count
                 A         B        C        D         E       F
            +---------+---------+-------+---------+---------+-------
      Total |      10 |       0 |   0.0 |       6 |       0 |   0.0
            +---------+---------+-------+---------+---------+-------
        D:1 |      10 |       0 |   0.0 |       6 |       0 |   0.0
            +---------+---------+-------+---------+---------+-------

Action                     || total
---------------------------++-------
  Melee: Long sword        ||    18
         Constrict         ||     6
         Tentacles         ||     2
  Dodge: Dodged            ||    11

Illustrated notes

Table legend:
 A = Kills in this place as a percentage of kills in the entire game.
 B = Kills by you in this place as a percentage of kills by you in the entire game.
 C = Kills by friends in this place as a percentage of kills by friends in the entire game.
 D = Other kills in this place as a percentage of other kills in the entire game.
 E = Experience gained in this place as a percentage of experience gained in the entire game.
 F = Experience gained in this place divided by the number of levels of this place that you have seen.
                   A       B       C       D       E      F
               +-------+-------+-------+-------+-------+----------------------
         Total | 100.0 | 100.0 |   N/A |   N/A | 100.0 |  10.0
       Dungeon | 100.0 | 100.0 |   N/A |   N/A | 100.0 |  10.0
               +-------+-------+-------+-------+-------+----------------------

Table legend: (Time is in decaauts)
 A = Elapsed time spent in this place.
 B = Non-inter-level travel time spent in this place.
 C = Inter-level travel time spent in this place.
 D = Time resting spent in this place.
 E = Time spent auto-exploring this place.
 F = Levels seen in this place.
 G = Mean time per level.
                   A        B        C        D        E       F      G
               +--------+--------+--------+--------+--------+-----+--------+
         Total |    109 |    109 |      0 |      0 |     52 |   1 |  109.0 |
       Dungeon |    109 |    109 |      0 |      0 |     52 |   1 |  109.0 |
               +--------+--------+--------+--------+--------+-----+--------+

Top non-repeatable levels by time:
     D:1: 109 daAuts
